 Dungeon Crawl Stone Soup version 0.27-a0-1416-g941b2bd30b (webtiles) character file.

Game seed: 5762452812390844723

72498 quinnr the Thaumaturge (level 15, -3/110 HPs)
             Began as a Djinni Air Elementalist on July 1, 2021.
             Was a High Priest of Makhleb.
             Slain by an unseen horror (5 damage)
             ... on level 10 of the Dungeon.
             The game lasted 01:16:34 (31942 turns).

quinnr the Thaumaturge (Djinni Air Elementalist)   Turns: 31942, Time: 01:16:34

Health: -3/110     AC: 11    Str:  9    XL:     15   Next: 86%
Gold:   896        EV: 16    Int: 23    God:    Makhleb [*****.] SH:  0 Dex: 14

rFire    + + .     SeeInvis .   Q - staff of air
rCold    + . .     Faith    .   (no shield)
rNeg     + . .     Spirit   .   H - +2 steam dragon scales
rPois    ∞         Reflect  .   s - +2 hat
rElec    +         Harm     .   F - +0 cloak
rCorr    +         Rampage  .   (no gloves)
Will     +....                  (boots unavailable)
Stlth    +++.......             (no amulet)
HPRegen  0.28/turn              u - ring of resist corrosion
MPRegen  0.00/turn              A - ring of Jycvaun {rElec rC++ rN+ Str+2}

@: brilliant, flying, studying Unarmed Combat
A: sickness immunity, fire resistance 2, cold vulnerability 1, float, innate
caster, hp casting, extra vitality 1
a: Renounce Religion, Minor Destruction, Lesser Servant of Makhleb, Major
Destruction, Greater Servant of Makhleb


You were on level 10 of the Dungeon.
You worshipped Makhleb.
Makhleb was extremely pleased with you.
You visited 3 branches of the dungeon, and saw 17 of its levels.

You collected 1170 gold pieces.
You spent 274 gold pieces at shops.

Inventory:

Hand Weapons
 c - a +4 short sword
 E - a +1 short sword of electrocution
 K - the +7 hunting sling "Satzidd" {vorpal, MP+9}
   (You took it off an orc warrior on level 9 of the Dungeon)

   Any stone fired from it inflicts extra damage.
   MP:        It affects your magic capacity (+9).
 Y - the +10 quarterstaff "Jellyslayer" {holy, Will+}
   (You found it on level 5 of the Lair of Beasts)

   It has been blessed by the Shining One to cause great damage to the undead
   and demons.
   Will:      It increases your willpower.
Missiles
 f - a throwing net
 p - 66 poisoned darts
 V - 5 curare-tipped darts
Armour
 a - a +2 robe of positive energy
 s - a +2 hat (worn)
 F - a +0 cloak (worn)
 H - +2 steam dragon scales (worn)
Magical Staves
 B - a staff of earth
 Q - a staff of air (weapon)
 X - a staff of fire
Jewellery
 g - a ring of wizardry
 k - a ring of positive energy
 m - a +4 ring of evasion
 r - a +6 ring of strength
 u - a ring of resist corrosion (left hand)
 w - a +6 ring of strength
 y - a ring of protection from cold
 A - the ring of Jycvaun (right hand) {rElec rC++ rN+ Str+2}
   (You found it on level 6 of the Lair of Beasts)

   [ring of positive energy]

   Str:       It affects your strength (+2).
   rC:        It greatly protects you from cold.
   rElec:     It insulates you from electricity.
   rN:        It protects you from negative energy.
 G - a +4 ring of protection
 U - a +4 ring of protection
Wands
 N - a wand of flame (24)
 S - a wand of acid (7)
 W - a wand of mindburst (36)
Scrolls
 b - 2 scrolls of vulnerability
 e - 4 scrolls of magic mapping {unknown}
 j - 4 scrolls of fog
 l - 3 scrolls of noise {unknown}
 n - 2 scrolls of enchant weapon {unknown}
 t - a scroll of summoning
 x - a scroll of acquirement {unknown}
 J - a scroll of blinking
 M - 2 scrolls of torment
 R - a scroll of teleportation
Potions
 d - a potion of invisibility
 h - 3 potions of lignification
 i - 3 potions of mutation
 o - 3 potions of flight
 v - 4 potions of ambrosia
 z - a potion of haste
 C - 2 potions of magic {unknown}
 D - 2 potions of brilliance
 I - a potion of cancellation {unknown}
 O - a potion of resistance {unknown}
 P - 3 potions of heal wounds {unknown}
 T - 2 potions of attraction
Miscellaneous
 L - a piece from Xom's chessboard (15/15)
 Z - a phial of floods


   Skills:
 - Level 11.0 Fighting
 - Level 5.0 Armour
 - Level 10.0 Dodging
 + Level 6.4 Stealth
 - Level 14.0 Spellcasting
 - Level 10.0 Invocations
 - Level 6.0 Evocations


You had 2 spell levels left.
You knew the following spells:

 Your Spells              Type           Power      Damage    Failure   Level
a - Shock                 Conj/Air       100%       1d9       0%          1
b - Static Discharge      Conj/Air       100%       N/A       1%          2
c - Swiftness             Air            100%       N/A       1%          3
d - Airstrike             Air            55%        N/A       1%          4
e - Lightning Bolt        Conj/Air       55%        1d77      1%          5
f - Pain                  Necr           100%       1d9       0%          1
g - Call Imp              Summ           88%        N/A       1%          2
h - Teleport Other        Tloc           88%        N/A       1%          3
i - Frozen Ramparts       Ice            100%       1d12      1%          3
j - Iskenderun's Battles  Conj           88%        2d14      1%          5
k - Agony                 Necr           88%        N/A       1%          5
l - Invisibility          Hex            44%        N/A       1%          6
Your spell library was empty.

Dungeon Overview and Level Annotations

Branches:
Dungeon (10/15)            Temple (1/1) D:5            Lair (6/6) D:9
  Swamp (0/4) Lair:3       Spider (0/4) Lair:3        Slime (0/5) Lair:6
    Orc: D:9-12

Altars:
Ashenzari
Cheibriados
Dithmenos
Elyvilon
Fedhas
Gozag
Hepliaklqana
Kikubaaqudgha
Makhleb
Nemelex Xobeh
Okawaru
Qazlal
Ru
Sif Muna
Trog
Uskayaw
Vehumet
Wu Jian
Yredelemnul
Zin
The Shining One
Jiyva
Lugonu

Shops:
D:1 =   D:6 ?


Innate Abilities, Weirdness & Mutations

You are immune to sickness and miasma.
You are immune to poison.
Your flesh is very heat resistant. (rF++)
You are vulnerable to cold. (rC-)
You float through the air rather than walking.
You learn spells naturally, not from books.
Your magical power is your life essence.
You have superior vitality. (+4 HP)


Message History

Confirm with . or Enter, or press ? or * to list all spells.
You feel a surge of power! Really attack your white imp?
Okay, then.
Casting: Static Discharge (safe; 1% risk of failure)
Confirm with . or Enter, or press ? or * to list all spells.
You feel a surge of power! Really attack your white imp?
Really attack your shadow imp?
Your white imp is struck by an arc of lightning!
You kill your white imp!
You resist.
You are struck by an arc of lightning.
* * * LOW HITPOINT WARNING * * *
x2 Something hits you.
* * * LOW HITPOINT WARNING * * *
Your shadow imp barely misses something.
Casting: Static Discharge (safe; 1% risk of failure)
Confirm with . or Enter, or press ? or * to list all spells.
Aiming: Airstrike (safe; 1% risk of failure)
Press: ? - help, Dir - move target You feel a surge of power!
The air twists around and strikes something!
* * * LOW HITPOINT WARNING * * *
You hear a shout!
Something hits you but does no damage.
Your shadow imp hits something.
You hear an angry hiss.
Okay, then.
Unknown command.
Okay, then.
Casting: Airstrike (safe; 1% risk of failure)
Confirm with . or Enter, or press ? or * to list all spells.
Okay, then.
Unknown command.
Casting: Airstrike (safe; 1% risk of failure)
Confirm with . or Enter, or press ? or * to list all spells.
You don't have enough health to cast this spell.
It was a potion of brilliance.
You feel clever all of a sudden. Something hits you.
You die...

#.# ##.#.#.#.# #..#
##..#.....#
######..#####..########
.....##..#.#T.##.....
......##..#..##...#
.......###.###....#
.................5#
.....)....#...##[.#
.........##...##@.#
...)[....##########
..[[).....######
...[..O........#
...............#
#8...8#
...............#
##.....##
....[..........#
8.....8
...............#
#.....#
....[..........# 8...8#


You could see a friendly shadow imp (summoned).

Vanquished Creatures
  Gastronok (Lair:3)
  Nessos (Lair:6)
  3 dire elephants (Lair:6)
  2 boulder beetles
  8 hydras
  2 two-headed ogres
  22 death yaks
  A centaur warrior (D:9)
  A tengu warrior (D:9)
  Sonja (Lair:3)
  A spectral death yak (Lair:6)
  2 spectral dire elephants (Lair:6)
  A spectral anaconda (Lair:6)
  A lindwurm (Lair:5)
  An obsidian statue (Lair:6)
  4 necromancers (Lair:6)
  2 cyclopes
  13 elephants
  An ugly thing (D:10)
  6 black mambas
  A torpor snail (Lair:5)
  An unseen horror (D:10)
  13 cane toads
  Psyche (D:10)
  14 komodo dragons
  An efreet (D:9)
  A troll (D:10)
  Prince Ribbit (Lair:3)
  A hornet (D:9)
  19 blink frogs
  A spectral elephant (Lair:6)
  2 shadows
  3 vampires
  A wraith (D:9)
  4 wyverns
  6 basilisks
  38 yaks
  3 steam dragons
  A vampire mosquito (Lair:4)
  A spectral cane toad (Lair:6)
  16 water moccasins
  An acid dragon (D:9)
  2 elephant zombies (Lair:6)
  6 orc warriors
  A sky beast (D:5)
  A swamp drake (Lair:4)
  An ice beast (D:6)
  2 necrophages
  2 centaurs
  12 wolves
  A phantom (D:4)
  2 elephant skeletons (Lair:6)
  2 kobold brigands
  21 bullfrogs
  2 gnoll sergeants
  12 scorpions
  A cane toad simulacrum (Lair:6)
  An elephant simulacrum (Lair:6)
  2 killer bees (D:9)
  6 electric eels
  13 wights
  5 howler monkeys
  A lava snake (Lair:3)
  A bullfrog zombie (D:5)
  7 centaur zombies
  A hound (D:7)
  A jelly (D:8)
  A gnoll shaman (D:5)
  A centaur skeleton (D:5)
  5 iguanas
  4 orc wizards
  Natasha (thrice) (D:3)
  A killer bee zombie (D:6)
  6 howler monkey zombies
  12 gnolls
  A howler monkey skeleton (D:7)
  11 adders
  A shadow imp (D:7)
  2 worms (Lair:3)
  2 dart slugs
  26 orcs
  5 ball pythons
  3 endoplasms
  2 giant cockroaches
  12 goblins
  16 hobgoblins
  11 jackals
  19 kobolds
  2 quokkas (D:4)
  7 bats
  A frilled lizard (D:1)
  A quokka skeleton (D:4)
  3 rats
  A withered plant (Lair:6)
469 creatures vanquished.

Vanquished Creatures (collateral kills)
  An elephant (Lair:6)
  A cane toad (Lair:6)
  A yak (Lair:2)
  Edmund (D:5)
  An ogre (D:4)
  A hound (D:6)
  5 gnolls
  2 orcs (D:8)
  A hobgoblin (D:4)
  A butterfly (Lair:5)
15 creatures vanquished.

Vanquished Creatures (others)
  2 centaur zombies (D:9)
  8 bushes
  68 fungi
  72 plants
  30 withered plants (Lair:6)
180 creatures vanquished.

Grand Total: 664 creatures vanquished

Notes
Turn   | Place    | Note
-------+----------+-------------------------------------------
     0 | D:1      | quinnr the Djinni Air Elementalist began the quest for the
                  | Orb.
     0 | D:1      | Reached XP level 1. HP: 15/15 MP: 0/0
   145 | D:1      | Reached XP level 2. HP: 15/21 MP: 0/0
   367 | D:1      | Reached skill level 3 in Spellcasting
   739 | D:1      | Reached XP level 3. HP: 24/25 MP: 0/0
   739 | D:1      | Learned a level 1 spell: Pain
  1665 | D:1      | Found Bagewnisch's Jewellery Emporium.
  1678 | D:1      | Reached XP level 4. HP: 7/31 MP: 0/0
  2285 | D:2      | Found a faded altar of an unknown god.
  2907 | D:3      | Noticed Natasha
  2912 | D:3      | Killed Natasha
  2913 | D:3      | Reached skill level 4 in Spellcasting
  3021 | D:3      | Noticed Natasha
  3024 | D:3      | Killed Natasha
  3025 | D:3      | Reached XP level 5. HP: 8/35 MP: 0/0
  3025 | D:3      | Learned a level 2 spell: Call Imp
  3271 | D:3      | Noticed Natasha
  3275 | D:3      | Killed Natasha
  3984 | D:4      | Identified the +0 pair of boots of Gozag's Generosity {Fly
                  | rC- rCorr Str+3}
  4573 | D:4      | Reached XP level 6. HP: 38/40 MP: 0/0
  4813 | D:4      | Reached skill level 5 in Spellcasting
  5363 | D:4      | Reached XP level 7. HP: 19/45 MP: 0/0
  5363 | D:4      | Learned a level 3 spell: Teleport Other
  5815 | D:4      | Found an iron altar of Okawaru.
  5847 | D:4      | Reached skill level 6 in Spellcasting
  6258 | D:5      | Entered Level 5 of the Dungeon
  6418 | D:5      | Noticed Edmund
  6422 | D:5      | Killed Edmund
  6423 | D:5      | Reached XP level 8. HP: 30/50 MP: 0/0
  6718 | D:4      | Reached skill level 7 in Spellcasting
  7131 | D:5      | Found a glowing golden altar of the Shining One.
  7287 | D:5      | Reached skill level 8 in Spellcasting
  7688 | D:5      | Found a staircase to the Ecumenical Temple.
  7702 | Temple   | Entered the Ecumenical Temple
  8071 | D:6      | Noticed an eight-headed hydra
  8212 | D:6      | Reached XP level 9. HP: 41/55 MP: 0/0
  8212 | D:6      | Learned a level 3 spell: Frozen Ramparts
  8307 | D:6      | Killed an eight-headed hydra
  8308 | D:6      | Reached skill level 9 in Spellcasting
  8812 | D:6      | Reached skill level 10 in Spellcasting
  9092 | D:1      | Bought a ring of protection from cold for 250 gold pieces
  9630 | D:6      | Found Reateont's Magic Scroll Shoppe.
  9790 | D:7      | Reached XP level 10. HP: 46/60 MP: 0/0
 10174 | D:7      | Noticed a green death
 10175 | D:7      | Found a burning altar of Makhleb.
 10180 | D:7      | Found a glowing silver altar of Zin.
 10180 | D:7      | Noticed an angel
 10186 | D:7      | Noticed a cyclops
 10192 | D:7      | Killed a cyclops
 10195 | D:7      | Became a worshipper of Makhleb the Destroyer
 10306 | D:7      | Reached skill level 11 in Spellcasting
 10476 | D:7      | Reached skill level 1 in Fighting
 10476 | D:7      | Reached skill level 1 in Armour
 11242 | D:7      | Found a hazy altar of Hepliaklqana.
 11452 | D:6      | Bought a scroll of fog for 24 gold pieces
 11623 | D:8      | Found a broken altar of Ashenzari.
 12438 | D:8      | Found a shadowy altar of Dithmenos.
 12439 | D:8      | Found an opulent altar of Gozag.
 12491 | D:8      | Found an ornate altar of the Wu Jian Council.
 12913 | D:9      | Reached * piety under Makhleb
 13134 | D:9      | Found a staircase to the Lair.
 13162 | D:9      | Identified the +7 hunting sling "Satzidd" {vorpal, MP+9}
 13173 | D:9      | Noticed a tengu warrior
 13185 | D:9      | Noticed a two-headed ogre
 13191 | D:9      | Killed a tengu warrior
 13192 | D:9      | Reached skill level 5 in Dodging
 13192 | D:9      | Reached XP level 11. HP: 9/74 MP: 0/0
 13192 | D:9      | Learned a level 5 spell: Iskenderun's Battlesphere
 13504 | D:9      | Killed a two-headed ogre
 13505 | D:9      | Reached skill level 5 in Fighting
 13657 | D:9      | quinnr: ??battlesphere
 13657 | D:9      | beem: battlesphere[1/5]: Level 5 conjuration/charms.
                  | Conjures an orb that follows the caster around and will
                  | fire at your target whenever you cast targeted damage
                  | spells. Does modest damage, but has good mp efficiency.
 13657 | D:9      | quinnr: ??battlesphere[2
 13657 | D:9      | beem: battlesphere[2/5]: Conjured with a limited number of
                  | charges, but can be recharged with additional casts.
                  | Recasting also recalls the battlesphere if it is out of
                  | LOS. Projectiles will pass through battlespheres like they
                  | do through orbs of destruction, though they can be hit and
                  | destroyed in melee.
 13666 | D:9      | Noticed a centaur warrior
 13708 | D:9      | HP: 6/76 [centaur warrior (16)]
 13712 | D:9      | Killed a centaur warrior
 13735 | D:9      | Found a snail-covered altar of Cheibriados.
 15681 | D:9      | Found a staircase to the Lair.
 15764 | D:9      | Found a snail-covered altar of Cheibriados.
 16144 | D:10     | Entered Level 10 of the Dungeon
 16144 | D:10     | Noticed a two-headed ogre
 16147 | D:10     | Killed a two-headed ogre
 16148 | D:10     | Reached skill level 5 in Armour
 16203 | Lair:1   | Entered Level 1 of the Lair of Beasts
 16537 | Lair:1   | Found a shadowy altar of Dithmenos.
 16829 | Lair:1   | Reached XP level 12. HP: 53/85 MP: 0/0
 17689 | Lair:2   | Reached skill level 12 in Spellcasting
 17721 | Lair:2   | Reached ** piety under Makhleb
 18421 | Lair:2   | Noticed a five-headed hydra
 18430 | Lair:2   | Noticed a boulder beetle
 18431 | Lair:2   | Killed a five-headed hydra
 18432 | Lair:2   | Reached skill level 1 in Invocations
 18432 | Lair:2   | Reached skill level 1 in Evocations
 18762 | Lair:2   | Killed a boulder beetle
 20108 | Lair:3   | Noticed a four-headed hydra
 20113 | Lair:3   | Killed a four-headed hydra
 20242 | Lair:3   | Reached XP level 13. HP: 81/90 MP: 0/0
 20242 | Lair:3   | Learned a level 5 spell: Agony
 20529 | Lair:3   | Noticed Gastronok
 20530 | Lair:3   | quinnr: @?gastronok
 20530 | Lair:3   | beem: Gastronok (w)
                  | Spd:
     5 | HD: 20   | HP: 126-183
                  | | AC/EV: 3/1
                  | Dam: 40
                  | items, doors, amphibious,
                  | spellcaster, see invisible
                  | Res: magic(80), drown
                  | Corpse
                  | | XP: 2236
                  | Sp: cantrip, airstrike (8-37), sum.small
                  | mammal, slow, sprint
                  | Sz: Big
                  | Int: human.
 20530 | Lair:3   | quinnr: ??gastronok
 20530 | Lair:3   | beem: gastronok[1/5]: A greedy elephant slug who ate a
                  | wizard for lunch and now casts spells! Casts airstrike,
                  | spammals, swiftness, slow, and 'slugform'-flavoured
                  | cantrip. You feel sluggish! He's even smart enough to open
                  | doors! HD 20 means he has a 95% chance of just ignoring
                  | your mephitic clouds. Has a hat, sometimes the {hat of
                  | pondering}.
 20561 | Lair:3   | Killed Gastronok
 20562 | Lair:3   | Reached skill level 5 in Evocations
 20891 | Lair:3   | Found a staircase to the Swamp.
 20946 | Lair:3   | Found a hole to the Spider Nest.
 20967 | Lair:3   | Noticed Prince Ribbit
 20970 | Lair:3   | Killed Prince Ribbit
 21055 | Lair:3   | Noticed Sonja
 21058 | Lair:3   | Killed Sonja
 21722 | Lair:3   | Reached skill level 10 in Fighting
 21771 | Lair:3   | Reached *** piety under Makhleb
 22424 | Lair:4   | Noticed a four-headed hydra
 22428 | Lair:4   | Killed a four-headed hydra
 22445 | Lair:4   | Reached skill level 5 in Invocations
 22841 | Lair:4   | You are sucked into a shaft and drop 2 floors!
 22841 | Lair:6   | Entered Level 6 of the Lair of Beasts
 22841 | Lair:6   | Noticed Nessos
 22884 | Lair:6   | Noticed a four-headed hydra
 22937 | Lair:6   | Killed a four-headed hydra
 22938 | Lair:6   | Reached XP level 14. HP: 40/103 MP: 0/0
 23186 | Lair:6   | HP: 8/103 [Nessos (3)]
 23187 | Lair:6   | Killed Nessos
 24917 | Lair:5   | Reached skill level 10 in Dodging
 24992 | Lair:5   | Reached skill level 13 in Spellcasting
 25883 | Lair:5   | Reached **** piety under Makhleb
 27241 | Lair:6   | Reached skill level 14 in Spellcasting
 27358 | Lair:6   | Reached XP level 15. HP: 86/107 MP: 0/0
 27358 | Lair:6   | Learned a level 6 spell: Invisibility
 28190 | Lair:6   | Found a viscous altar of Jiyva.
 28190 | Lair:6   | Found a staircase to the Slime Pits.
 28488 | Lair:5   | Identified the +10 quarterstaff "Jellyslayer" {holy, Will+}
 28587 | Lair:6   | Reached skill level 5 in Stealth
 29189 | Lair:6   | Reached ***** piety under Makhleb
 30591 | Lair:6   | Identified the ring of Jycvaun {rElec rC++ rN+ Str+2}
 30800 | D:10     | Reached skill level 10 in Invocations
 31276 | D:10     | Found a basalt altar of Yredelemnul.
 31341 | D:10     | Identified the +6 great mace of the Known World {antimagic,
                  | *Corrode rElec rN+}
 31770 | D:10     | Killed Psyche
 31851 | D:10     | HP: 8/110 [troll (6)]
 31938 | D:10     | HP: 6/110 [something (4)]
 31942 | D:10     | Slain by an unseen horror

Illustrated notes

Levels and vault maps discovered:
D:1:      wheals_arrival_shading, layout_basic, serial_shops, shop
D:2:      layout_rooms, chequers_ecumenical_altar_twisty
D:3:      layout_loops_cross, uniq_natasha
D:4:      corexii_shantytown, layout_basic, okawaru_trees_1
D:5:      layout_rooms, kennysheep_mini, minmay_temple_entry_overgrown,
          grunt_ministairs_9, kennysheep_generic_room_4, uniq_edmund
D:6:      layout_loops_ring, serial_shops, shop
D:7:      layout_loops_ring, grunt_temple_overflow_order_and_chaos_2,
          lemuel_coloured_pillars_altar
D:8:      layout_loops_ring, nzn_wu_jian_contemplation, lemuel_crystal_altar,
          grunt_temple_overflow_open, nicolae_sif_muna_condensation,
          minivault_14
D:9:      kennysheep_windowed_halls, layout_gridville, kiku_gazebo_pond_becter,
          kennysheep_slug_shrine, lair_entry_dummy
D:10:     minmay_the_grid_octo_tiled_squarecenter [minmay_the_grid_octo_horde,
          minmay_the_grid_octo_concentric, minmay_the_grid_octo_checkered,
          minmay_the_grid_octo_fat_diamond,
          minmay_the_grid_square_5x5_megaprize_open,
          minmay_the_grid_square_5x5_half_checkered,
          minmay_the_grid_square_5x5_shrine2,
          minmay_the_grid_square_5x5_bracketed,
          minmay_the_grid_square_5x5_bridge], layout_cross,
          nicolae_overflow_hidden_temple, nicolae_yredelemnul_corpse_copse,
          orc_david_3, biasface_ghost_orc_armoury, uniq_psyche, uniq_nergalle
Temple:   corrupted_temple
Lair:1:   layout_regular_city, basic_altar, infiniplex_staircase_pool
Lair:2:   wander_river, layout_cave_pods, serial_bayou_shore_a
Lair:3:   layout_gridlike, swamp_mist, nicolae_spider_entry_non_spiders,
          disabler_island, uniq_gastronok, uniq_prince_ribbit2, uniq_sonja
Lair:4:   layout_regular_city, pond, serial_bayou_shore_b, lemuel_fruit_fields
Lair:5:   layout_concentric_octagons
Lair:6:   due_jungle_book, layout_small_grid, dpeg_slime_entry_enclosed_altar,
          st_stairs_4, grunt_forest_stairs_basic,
          chequers_serial_rivers_micro_b, grunt_megastairs_5,
          serial_bayou_shore_b, uniq_nessos

Skill      XL: |  1  2  3  4  5  6  7  8  9 10 11 12 13 14 15 |
---------------+----------------------------------------------+-----
Spellcasting   | 3 4 5 6 8 10 11 12 14 | 14.0
Fighting       | 4 7 10 11 | 11.0
Armour         | 2 5 |  5.0
Stealth        | 2 4 6 |  6.4
Dodging        | 5 7 10 | 10.0
Invocations    | 3 6 10 | 10.0
Evocations     | 4 6 |  6.0

Action                   |  1- 3 |  4- 6 |  7- 9 | 10-12 | 13-15 || total
-------------------------+-------+-------+-------+-------+-------++-------
Melee: Short sword       |     7 |     2 |       |       |       ||     9
       Staff             |       |       |       |       |     8 ||     8
 Cast: Shock             |    49 |    51 |    45 |    63 |    11 ||   219
       Pain              |    16 |     4 |       |       |     1 ||    21
       Static Discharge  |       |    14 |    13 |    20 |    54 ||   101
       Call Imp          |       |    18 |    14 |    60 |    64 ||   156
       Airstrike         |       |    16 |    54 |   190 |   298 ||   558
       Teleport Other    |       |       |     2 |     1 |       ||     3
       Lightning Bolt    |       |       |     5 |    50 |   131 ||   186
       Frozen Ramparts   |       |       |       |     4 |     6 ||    10
       Iskenderun's Batt |       |       |       |     9 |    18 ||    27
       Swiftness         |       |       |       |     1 |     2 ||     3
       Invisibility      |       |       |       |       |     1 ||     1
  Use: Scroll            |       |       |       |     7 |    15 ||    22
       Potion            |       |       |       |     2 |     9 ||    11
Armor: Robe              |     3 |     1 |     6 |       |       ||    10
       Leather armour    |       |       |       |     3 |       ||     3
       Steam dragon scal |       |       |       |    29 |    78 ||   107
Dodge: Dodged            |    11 |    12 |    32 |    53 |   138 ||   246

Table legend: (Time is in decaauts)
 A = Elapsed time spent in this place.
 B = Non-inter-level travel time spent in this place.
 C = Inter-level travel time spent in this place.
 D = Time resting spent in this place.
 E = Time spent auto-exploring this place.
 F = Levels seen in this place.
 G = Mean time per level.
                   A        B        C        D        E       F      G
               +--------+--------+--------+--------+--------+-----+--------+
         Total |  31986 |  30189 |   1797 |   9939 |  16852 |  17 | 1881.5 |
       Dungeon |  17435 |  16526 |    909 |   4864 |  10138 |  10 | 1743.5 |
        Temple |    153 |    137 |     16 |      0 |    137 |   1 |  153.0 |
          Lair |  14397 |  13525 |    872 |   5075 |   6577 |   6 | 2399.5 |
               +--------+--------+--------+--------+--------+-----+--------+

Top non-repeatable levels by time:
  Lair:6: 3230 daAuts
     D:9: 3175 daAuts
     D:4: 2984 daAuts
  Lair:2: 2917 daAuts
  Lair:5: 2804 daAuts
     D:1: 2164 daAuts
     D:8: 1997 daAuts
  Lair:4: 1909 daAuts
  Lair:3: 1827 daAuts
  Lair:1: 1707 daAuts
     D:6: 1534 daAuts
     D:7: 1341 daAuts
     D:5: 1278 daAuts
     D:3: 1065 daAuts
     D:2: 950 daAuts
